 Dungeon Crawl Stone Soup version 0.31-a0-246-g8cbcc1cb85 (webtiles) character file.

Game seed: 16284050916834194872

11 qw the Shooter (level 2, 0/16 HPs)
             Began as a Gargoyle Hexslinger on July 12, 2023.
             Slain by a quokka (3 damage)
             ... on level 1 of the Dungeon.
             The game lasted 00:00:05 (218 turns).

qw the Shooter (Gargoyle Hexslinger)                 Turns: 218, Time: 00:00:06

Health: 0/16       AC:  4    Str: 11    XL:     2   Next: 29%
Magic:  3/3        EV: 12    Int: 13    God:
Gold:   19         SH:  0    Dex: 12    Spells: 2/3 levels left

rFire   . . .        a - +1 sling
rCold   . . .        (no shield)
rNeg    + . .        c - +0 robe
rPois   inf          (no helmet)
rElec   +            (no cloak)
rCorr   .            (no gloves)
SInv    .            (no boots)
Will    .....        (no amulet)
Stlth   +            (no ring)
HPRegen 0.22/turn    (no ring)
MPRegen 0.08/turn

%: no passive effects
@: no status effects
A: sickness immunity, AC +2, negative energy resistance 1, electricity
resistance, torment resistance 1, petrification resistance
a: no special abilities


You were on level 1 of the Dungeon.
You visited 1 branch of the dungeon, and saw 1 of its levels.

You collected 19 gold pieces.


Innate Abilities, Weirdness & Mutations

You are immune to sickness and miasma.
Your stone body is resilient. (AC +2)
You are immune to poison.
You resist negative energy. (rN+)
You are resistant to electric shocks. (rElec)
You are resistant to unholy torment.
You are immune to petrification.


   Skills:
 - Level 1.1 Fighting
 + Level 2.9 Ranged Weapons
 - Level 1.5 Dodging
 - Level 1.0 Spellcasting
 - Level 2.6 Hexes


You had 2 spell levels left.
You knew the following spells:

 Your Spells              Type           Power      Damage    Failure   Level
a - Slow                  Hex            28%        N/A       10%         1

Your spell library contained the following spells:

 Spells                   Type           Power      Damage    Failure   Level
 Inner Flame              Hex/Fire       4%         N/A       43%         3
 Portal Projectile        Hex/Tloc       8%         N/A       43%         3
 Cause Fear               Hex            3%         N/A       67%         4

Inventory:

Hand Weapons
 a - a +1 sling (weapon)
Armour
 c - a +0 robe (worn)
Scrolls
 b - a scroll of poison
 d - 2 scrolls of butterflies {unknown}
Potions
 e - 2 potions of lignification {unknown}
 f - a potion of berserk rage {unknown}

Dungeon Overview and Level Annotations

Branches:
Dungeon (1/15)

Altars:


Message History

The quokka twitches its whiskers.
The jackal closely misses you. x2
You shoot a sling bullet.
The sling bullet barely misses the jackal.
The jackal barely misses you. x2; The jackal closely misses you. x2
The jackal bites you but does no damage.
You shoot a sling bullet. The sling bullet hits the jackal.
The jackal is almost dead.
The jackal closely misses you. The jackal bites you.
The jackal bites you but does no damage. x3
The jackal closely misses you.
You shoot a sling bullet. The sling bullet hits the jackal.
You kill the jackal!
The jackal bites you.
The jackal bites you but does no damage.
The jackal misses you. The kobold closely misses you. The jackal bites you.
You shoot a sling bullet. The sling bullet hits the kobold!
You kill the kobold!
The jackal bites you. The jackal barely misses you. x2
You shoot a sling bullet.
The sling bullet closely misses the goblin.
The jackal barely misses you. The jackal closely misses you.
The goblin hits you but does no damage. The jackal closely misses you.
The jackal bites you but does no damage.
You shoot a sling bullet. The sling bullet hits the goblin.
You kill the goblin!
The jackal bites you but does no damage.
The jackal barely misses you. x2
You shoot a sling bullet. The sling bullet hits the quokka.
The quokka is lightly wounded.
The jackal barely misses you. The quokka bites you.
The jackal barely misses you. The jackal misses you.
The quokka bites you but does no damage.
The jackal misses you.
You shoot a sling bullet.
The sling bullet closely misses the quokka.
The jackal bites you.
The jackal bites you but does no damage.
The quokka bites you.
You die...

###.# #####... #...#
##.#. #.### ##.### #.#
#...#. ###### #.# ###
#.##.# ......# #.#
##.####.##.# ..... #.#
#..........# ###.h##.#
##.####.#### #..%h@%.#
##.####.....
....#.r######...[...####
| #.. ##...####.....
.... ##......##.####
..... #.#.###.##.####
###### ##..# #........
###.###.##.##.#
#..........##.#
#.....####.....


You could see a quokka and 2 jackals.

Vanquished Creatures
  A goblin (D:1)
  5 jackals (D:1)
  A kobold (D:1)
  A quokka (D:1)
  A ball python (D:1)
9 creatures vanquished.

Notes
Turn   | Place    | Note
-------+----------+-------------------------------------------
     0 | D:1      | qw the Gargoyle Hexslinger began the quest for the Orb.
     0 | D:1      | Reached XP level 1. HP: 12/12 MP: 2/2
     0 | D:1      | 0 ||| qw: Version: 0.3-a-52-g30416fa
     0 | D:1      | 0 ||| qw: Game counter: 6508
     0 | D:1      | 0 ||| qw: Melee chars always use a shield: true
     0 | D:1      | 0 ||| qw: God list: Okawaru
     0 | D:1      | 0 ||| qw: Allow faded altars: false
     0 | D:1      | 0 ||| qw: Do Orc after clearing Dungeon:15 true
     0 | D:1      | 0 ||| qw: Do second Lair branch before Depths: true
     0 | D:1      | 0 ||| qw: Lair rune preference: random
     0 | D:1      | 0 ||| qw: Goals: Normal
     0 | D:1      | 0 ||| PLANNING D:1-11
   209 | D:1      | Reached XP level 2. HP: 12/16 MP: 3/3
   214 | D:1      | HP: 4/16 [jackal (1)]
   218 | D:1      | Slain by a quokka

Levels and vault maps discovered:
D:1:      saegor_arrival_simple_d, layout_loops_cross, minmay_misc_feat_columns,
          nicolae_hexahallways

Action                     || total
---------------------------++-------
   Fire: Sling             ||    30
 Armour: Robe              ||    19
  Dodge: Dodged            ||    50

Table legend:
 A = Non-vault XP
 B = Vault XP
 C = Vault XP percentage of total XP
 D = Non-vault monster count
 E = Vault monster count
 F = Vault count percentage of total count
                 A         B        C        D         E       F
            +---------+---------+-------+---------+---------+-------
      Total |      17 |       0 |   0.0 |       9 |       0 |   0.0
            +---------+---------+-------+---------+---------+-------
        D:1 |      17 |       0 |   0.0 |       9 |       0 |   0.0
            +---------+---------+-------+---------+---------+-------
